 Crawl Stoat Soup version 0.23-s1-127-gb5c3f33387 (console) character file.

243 hilarita the Ducker (level 5, -6/42 HPs)
             Began as a Centaur Air Elementalist on July 30, 2021.
             Was a Follower of Qazlal.
             Mangled by an iguana (9 damage)
             ... on level 3 of the Dungeon.
             The game lasted 00:12:38 (4489 turns).

hilarita the Ducker (Centaur Air Elementalist)      Turns: 4489, Time: 00:12:39

Health: -6/42      AC: 12    Str: 11    XL:     5   Next: 82%
Magic:  7/7        EV:  7    Int: 14    God:    Qazlal [*.....]
Gold:   178        SH:  2    Dex: 10    Spells: 6/7 levels left

rFire    . . .     SeeInvis .   a - +0 hand axe
rCold    . . .     Gourm    .   (no shield)
rNeg     . . .     Faith    +   q - +4 scale mail
rPois    .         Spirit   .   (no helmet)
rElec    .         Warding  .   v - +0 cloak (curse)
rCorr    .         Reflect  .   (no gloves)
MR       .....     Harm     .   (no barding)
Stlth    ..........             o - amulet of faith
HPRegen  0.14/turn              h - +1 ring of protection
MPRegen  0.10/turn              (no ring)

@: very quick
A: large, hooves 3, deformed body, speed 2, tough skin 3
a: Renounce Religion


You were on level 3 of the Dungeon.
You worshipped Qazlal.
Qazlal was aware of your devotion.
You were not hungry.

You visited 1 branch of the dungeon, and saw 4 of its levels.

You collected 178 gold pieces.

Inventory:

Hand Weapons
 a - a +0 hand axe (weapon)
 b - a +0 hunting sling
 k - a +0 short sword of venom
 r - a +1 dagger of speed
Missiles
 e - 51 arrows
 f - 56 stones (quivered)
 j - 26 bolts
 p - 5 javelins of penetration
Armour
 q - a +4 scale mail (worn)
 s - a +0 chain mail of fire resistance
 v - a cursed +0 cloak (worn)
Jewellery
 h - a +1 ring of protection (left hand)
 o - an amulet of faith (around neck)
Wands
 d - a wand of disintegration (13 charges)
Scrolls
 i - a scroll of enchant weapon
Potions
 g - a potion of lignification {unknown}
 l - a potion of ambrosia
 m - a potion of agility {unknown}
 t - 2 potions of brilliance {unknown}
Comestibles
 c - 2 bread rations
 n - a meat ration


   Skills:
 + Level 2.4 Fighting
 + Level 1.1 Axes
 + Level 1.7 Slings
 + Level 1.0 Armour
 - Level 2.7 Dodging
 - Level 1.1 Stealth
 - Level 1.5 Spellcasting
 - Level 0.8 Conjurations
 - Level 2.6 Air Magic
 * Level 2.6 Invocations


You had 6 spell levels left.
You knew the following spells:

 Your Spells              Type           Power        Failure   Level  Hunger
a - Shock                 Conj/Air       6/25         58%         1    ##.....

Your spell library contained the following spells:

 Spells                   Type           Power        Failure   Level  Hunger
 Swiftness                Chrm/Air       4/100        80%         2    ###....
 Static Discharge         Conj/Air       6/100        92%         3    ####...
 Airstrike                Air            8/200        99%         4    #####..
 Lightning Bolt           Conj/Air       6/200        100%        5    ######.


Dungeon Overview and Level Annotations

Branches:
Dungeon (4/15)
 Temple: D:4-7

Altars:
Qazlal


Innate Abilities, Weirdness & Mutations

You have hooves in place of feet.
Armour fits poorly on your strangely shaped body.
You cover ground very quickly.
You have extremely tough skin. (AC +3)


Message History

Press: ? - help, Shift-Dir - straight line, f/p - iguana
Aim: an iguana (lightly wounded)
You shoot a stone. The stone hits the iguana.
The iguana is lightly wounded.
a - a +0 hand axe (weapon)
You closely miss the iguana.
The iguana is lightly wounded.
The iguana bites you!
* * * LOW HITPOINT WARNING * * *
Unknown command.
The iguana completely misses you.
You climb upwards.
There is a stone staircase leading down here.
Unknown command.
You hit the iguana but do no damage.
The iguana is lightly wounded.
The iguana bites you.
* * * LOW HITPOINT WARNING * * *
The iguana bites you!
You die...

##.################.#
#.# #.# #.##### #.#
#.....# #.# #####.# #.#
#.# #.# #.# #.# #.#
#.### #.# #...# #.#
###########.###### #.#
#@l............... #.#
#.##############.. #.#
#.##############.# #.#
#................. #.#
#####....#####...# #.#
#....# #...# #.# #....#
###.< #.# #....# #.#
#.# #....# #.# #.#
#....# #.#
#.########....#######.#


You could see an iguana.

Vanquished Creatures
  Crazy Yiuf (D:3)
  A hound (D:3)
  Terence (D:3)
  An iguana (D:4)
  2 adders (D:3)
  3 oozes
  2 worms (D:2)
  A dart slug (D:1)
  7 leopard geckos
  8 orcs (D:3)
  4 giant cockroaches
  7 goblins
  3 hobgoblins (D:1)
  3 jackals (D:2)
  11 kobolds
  3 weasels (D:3)
  A ball python (D:3)
  10 bats
  3 frilled lizards
  9 rats
81 creatures vanquished.

Notes
Turn   | Place    | Note
-------+----------+-------------------------------------------
     0 | D:1      | hilarita the Centaur Air Elementalist began the quest for
                  | the Orb.
     0 | D:1      | Reached XP level 1. HP: 14/14 MP: 3/3
   253 | D:1      | Reached XP level 2. HP: 19/22 MP: 4/4
   423 | D:1      | Reached skill level 1 in Fighting
   757 | D:1      | Reached XP level 3. HP: 27/28 MP: 5/5
  1764 | D:2      | Found a stormy altar of Qazlal.
  1857 | D:2      | Became a worshipper of Qazlal Stormbringer
  2172 | D:2      | Reached XP level 4. HP: 31/36 MP: 6/6
  2404 | D:2      | Found a faded altar of an unknown god.
  2686 | D:3      | Reached * piety under Qazlal
  2868 | D:3      | Reached skill level 1 in Invocations
  3177 | D:3      | Reached skill level 1 in Slings
  3274 | D:3      | Found a runed door.
  3318 | D:3      | Noticed Terence
  3345 | D:3      | Reached XP level 5. HP: 10/41 MP: 7/7
  3348 | D:3      | Killed Terence
  4189 | D:3      | Noticed Crazy Yiuf
  4204 | D:3      | Killed Crazy Yiuf
  4204 | D:3      | Reached skill level 1 in Axes
  4447 | D:4      | Reached skill level 1 in Armour
  4486 | D:4      | HP: 4/42 [iguana (11)]
  4489 | D:3      | Mangled by an iguana

Vault maps used:
D:1:      saegor_arrival_simple_d, minmay_vboxes
D:2:      grunt_qazlal_sundering, chequers_ecumenical_altar_grove,
          grunt_decor_fettered, minmay_misc_feat_nine_boxes
D:3:      first_bread, uniq_ijyb, uniq_terence, uniq_crazy_yiuf_cottage
D:4:      cheibrodos_old_hovel, lemuel_zombie_altar_yredelemnul,
          marbit_many_paths, serial_bayou, serial_bayou_ford_a,
          serial_bayou_pond_b, serial_bayou_pond_d, serial_bayou_shore_b,
          serial_shops, shop, chequers_serial_rivers_micro_a, solitary_fountain

Skill      XL: |  1  2  3  4  5 |
---------------+----------------+-----
Fighting       | 1 2 |  2.4
Dodging        | 2 |  2.7
Invocations    | 1 2 |  2.6
Slings         | 1 |  1.7
Axes           | 1 |  1.1
Armour         | 1 |  1.0
Stealth        | |  1.1
Spellcasting   | |  1.5
Conjurations   | |  0.8
Air Magic      | |  2.6

Action                   |  1- 3 |  4- 6 || total
-------------------------+-------+-------++-------
Melee: Dagger            |   136 |     4 ||   140
       Unarmed           |     8 |       ||     8
       Kick              |    25 |    23 ||    48
       Short sword       |     1 |       ||     1
       Hand axe          |       |   104 ||   104
 Fire: Hunting sling     |    39 |    90 ||   129
 Cast: Shock             |     4 |       ||     4
  Use: Scroll            |     3 |     1 ||     4
       Potion            |       |     1 ||     1
  Eat: Chunk             |     3 |     6 ||     9
Armor: Robe              |    42 |     4 ||    46
       Chain mail        |       |    70 ||    70
       Scale mail        |       |    17 ||    17
Dodge: Dodged            |    59 |    43 ||   102
Block: Other             |       |     7 ||     7

Table legend:
 A = Spawn XP
 B = Non-spawn XP
 C = Spawn XP percentage of total XP
 D = Spawn monster count
 E = Non-spawn monster count
 F = Spawn count percentage of total count
 G = Total turns spent on level
                    A         B        C        D         E        F      G
               +---------+---------+-------+---------+---------+-------+---------
         Total |      37 |     311 |  10.6 |      12 |      69 |  14.8 |  4489
               +---------+---------+-------+---------+---------+-------+---------
           D:1 |      10 |      56 |  15.2 |       5 |      28 |  15.2 |  1731
           D:2 |       3 |      33 |   8.3 |       2 |      12 |  14.3 |   758
           D:3 |      24 |     185 |  11.5 |       5 |      28 |  15.2 |  1947
           D:4 |       0 |      37 |   0.0 |       0 |       1 |   0.0 |    53
               +---------+---------+-------+---------+---------+-------+---------
